Map: Dusk Towers

Players

Cham - Winner!

  • Race: Zerg Zerg

MaSa

  • Race: Terran Terran

Event: DreamHack Open Tours WCS Spring Championship

VOD

Have the link to the VOD?

Description

Time

  • Played on: May 15, 2016, 3:42 p.m.
  • Length: 10:43

All games in this series

Show
View Real Time Build Order
Export as new Build Order

Cham Zerg - Winner!

Build Orders: Hatch First 

Get SALT Encoding   

  12  0:01  Drone  
  13  0:10  Drone  
  14  0:17  Overlord  
  14  0:36  Drone x3  
  17  0:52  Hatchery  
  17  0:55  Drone  
  17  0:58  Drone  
  17  1:01  Extractor  
  17  1:09  Drone  
  18  1:17  Spawning Pool  
  17  1:19  Drone  
  18  1:31  Drone  
  19  1:43  Drone  
  20  1:55  Overlord  
  20  2:04  Zergling x2  
  20  2:05  Queen, Metabolic Boost  
  20  2:06  Queen  
  20  2:07  Zergling x2  
  26  2:13  Zergling x2  
  28  2:15  Drone  
  28  2:24  Overlord  
  28  2:34  Drone  
  29  2:38  Drone  
  30  2:45  Queen  
  30  2:47  Drone  
  30  2:50  Drone  
  34  2:51  Drone  
  34  2:57  Overlord  
  35  2:59  Drone  
  35  3:01  Lair  
  36  3:09  Extractor  
  36  3:10  Drone  
  36  3:12  Drone  
  37  3:18  Drone x2  
  37  3:19  Overlord  
  39  3:20  Drone x2  
  39  3:21  Drone  
  42  3:28  Drone  
  42  3:29  Drone  
  44  3:35  Extractor  
  44  3:41  Drone x2  
  45  3:44  Drone  
  46  3:48  Overlord  
  46  3:53  Drone x3  
  46  3:54  Drone x3  
  52  4:00  Drone  
  52  4:01  Spire  
  52  4:02  Drone  
  53  4:16  Extractor, Hatchery  
  51  4:20  Drone x2  
  51  4:21  Overlord  
  51  4:24  Zergling x2  
  54  4:26  Zergling x2  
  54  4:27  Zergling x2  
  56  4:32  Zergling x6  
  56  4:36  Zergling x4  
  61  4:51  Spore Crawler, Zergling x6  
  56  5:02  Drone x2  
  56  5:05  Drone  
  56  5:06  Overlord  
  59  5:19  Mutalisk x4  
  63  5:26  Mutalisk x2  
  64  5:31  Mutalisk x2  
  64  5:35  Drone x3  
  71  5:39  Drone  
  71  5:41  Drone  
  73  5:46  Overseer  
  73  5:48  Drone  
  74  5:51  Evolution Chamber x2  
  74  5:55  Roach Warren, Drone  
  74  5:56  Drone x2  
  74  5:59  Overlord  
  74  6:01  Drone  
  75  6:04  Overlord  
  75  6:10  Spore Crawler  
  74  6:16  Drone x3  
  74  6:17  Drone  
  78  6:21  Overlord  
  78  6:22  Zerg Missile Weapons Level 1, Zerg Ground Armor Level 1  
  78  6:26  Drone x3  
  78  6:27  Drone  
  78  6:29  Drone  
  78  6:30  Drone  
  84  6:35  Drone  
  84  6:36  Drone x3  
  84  6:37  Drone  
  89  6:42  Drone x2  
  89  6:43  Drone x2  
  89  6:45  Glial Reconstitution  
  93  6:52  Hatchery  
  92  6:56  Extractor  
  92  6:57  Roach x2, Extractor  
  92  6:59  Overlord  
  96  7:01  Roach  
  96  7:07  Roach x2  
  96  7:08  Roach  
  102  7:13  Roach  
  104  7:19  Roach x3  
  104  7:21  Overlord x2  
  112  7:22  Roach  
  112  7:25  Overseer  
  112  7:26  Overlord x2  
  112  7:29  Overlord x2, Ravager  
  113  7:38  Overlord  
  113  7:42  Roach x3  
  118  7:44  Roach x2  
  118  7:45  Roach  
  118  7:46  Roach  
  118  7:47  Ravager x2  
  118  7:48  Ravager x2  
  130  7:52  Roach  
  129  8:01  Roach x3  
  128  8:05  Roach  
  128  8:06  Roach x4  
  128  8:10  Roach  
  134  8:16  Roach x3  
  138  8:20  Queen  
  138  8:21  Roach  
  138  8:22  Ravager x2  
  138  8:23  Ravager x2  
  138  8:24  Roach  
  138  8:25  Queen  
  150  8:31  Roach x3  
  150  8:33  Roach x2  
  160  8:37  Overlord  
  160  8:38  Overlord  
  160  8:44  Overlord  
  158  8:53  Roach  
  160  9:02  Roach x2  
  160  9:03  Roach  
  140  9:17  Roach x2  
  140  9:20  Roach  
  140  9:21  Roach  
  140  9:23  Roach x2  
  140  9:24  Roach x2  
  148  9:26  Roach x2  
  148  9:30  Roach x2  
  152  9:35  Roach x3  
  148  9:48  Roach  
  148  9:49  Roach x2  
  146  9:55  Roach x2  
  143  10:02  Roach x2  
  143  10:03  Roach x7  
  143  10:05  Roach x3  
  143  10:06  Roach x2  
  171  10:12  Roach x2  
  157  10:23  Roach x3  
  163  10:29  Ravager x2  
Show
View Real Time Build Order
Export as new Build Order

MaSa Terran 

Build Orders: Liberator Opening, Reaper Expand, MMM Bio 

Get SALT Encoding   

  12  0:00  SCV  
  13  0:12  SCV  
  14  0:17  Supply Depot  
  14  0:25  SCV  
  15  0:38  SCV  
  15  0:39  Barracks  
  15  0:42  Refinery  
  16  0:50  SCV  
  17  1:03  SCV  
  18  1:15  SCV  
  19  1:26  Reaper  
  19  1:27  Orbital Command  
  20  1:39  Command Center  
  20  1:44  Refinery  
  20  1:54  Supply Depot  
  20  1:55  SCV  
  20  1:59  Marine  
  22  2:07  SCV  
  23  2:17  Factory, Barracks Reactor  
  23  2:19  SCV  
  24  2:39  SCV  
  25  2:51  Orbital Command  
  25  2:52  SCV  
  26  3:01  Starport  
  26  3:04  SCV  
  27  3:06  Widow Mine x2  
  27  3:07  Marine  
  32  3:16  SCV  
  32  3:18  SCV  
  34  3:26  Barracks Tech Lab  
  34  3:28  SCV  
  34  3:31  SCV  
  36  3:34  Supply Depot  
  36  3:35  Widow Mine x2  
  36  3:38  Medivac  
  41  3:42  SCV  
  41  3:44  Marine  
  41  3:45  Stimpack  
  41  3:46  SCV  
  44  3:50  Supply Depot  
  44  3:54  SCV  
  45  3:58  SCV, Liberator  
  45  4:02  Marine  
  47  4:06  SCV  
  48  4:10  SCV  
  48  4:11  Liberator  
  52  4:17  Command Center  
  52  4:19  Supply Depot, SCV  
  52  4:20  Marine  
  54  4:30  SCV  
  58  4:31  SCV  
  58  4:34  Refinery  
  58  4:38  Marine  
  60  4:39  Barracks  
  60  4:42  SCV  
  61  4:50  SCV  
  61  4:51  Liberator  
  62  4:53  Factory Reactor  
  62  4:54  SCV, Barracks  
  62  4:56  Marine  
  64  5:02  SCV  
  64  5:03  Supply Depot  
  64  5:04  Refinery  
  64  5:06  SCV  
  66  5:12  Liberator  
  66  5:13  Marine  
  70  5:15  SCV  
  67  5:22  SCV  
  67  5:27  SCV  
  67  5:30  Barracks Reactor  
  67  5:31  Marine  
  67  5:33  Orbital Command  
  67  5:34  Barracks  
  67  5:35  SCV  
  72  5:38  Barracks  
  72  5:39  SCV, Engineering Bay  
  72  5:40  Engineering Bay  
  73  5:43  Factory Reactor  
  73  5:47  SCV  
  74  5:51  Marine x2  
  74  5:52  Supply Depot, SCV, Marine  
  78  5:59  SCV  
  78  6:00  SCV  
  78  6:04  SCV  
  81  6:09  Marine x3  
  84  6:11  SCV, Marine  
  84  6:12  Marine  
  84  6:14  SCV  
  84  6:17  SCV  
  88  6:21  Medivac x2, Widow Mine x2  
  88  6:22  Combat Shields  
  88  6:23  Barracks Reactor  
  96  6:26  Barracks Reactor  
  96  6:27  SCV, Marine x3  
  96  6:29  Orbital Command  
  96  6:31  Supply Depot x2  
  100  6:34  Missile Turret  
  100  6:37  Marine x2  
  100  6:38  Missile Turret  
  100  6:40  SCV x2  
  100  6:45  Marine  
  101  6:52  SCV x2, Marine x2, Terran Infantry Weapons Level 1, Terran Infantry Armor Level 1  
  105  6:55  Marine, Widow Mine  
  105  6:56  Widow Mine  
  105  6:58  Missile Turret  
  105  7:01  Medivac  
  112  7:02  Medivac  
  112  7:03  SCV  
  112  7:04  Marine x2  
  115  7:11  SCV  
  115  7:15  Marine x2  
  112  7:18  SCV  
  112  7:19  Marine x3  
  117  7:25  Supply Depot x2  
  117  7:36  Supply Depot, Refinery  
  117  7:46  Medivac, Marine x7, Widow Mine x2  
  117  7:47  SCV x3  
  117  7:49  Marine  
  133  7:57  Marine  
  133  7:59  SCV x2  
  133  8:03  SCV  
  133  8:04  Marine x2  
  133  8:05  Marauder  
  132  8:11  SCV x2  
  119  8:16  Marine x4  
  119  8:19  Medivac x2  
  118  8:22  Barracks  
  118  8:24  Factory Tech Lab  
  118  8:26  Marauder  
  113  8:29  Marine x3, Armory  
  113  8:31  Marine  
  111  8:37  Marine x3  
  111  8:38  Marine  
  111  8:40  SCV  
  114  8:46  Siege Tank  
  114  8:47  Marauder, Marine x3  
  122  8:49  Medivac x2, Marine  
  122  8:54  Supply Depot, Marine  
  122  8:55  Supply Depot  
  128  8:57  Marine x2  
  128  8:59  Marine  
  122  9:05  Marine x3  
  122  9:07  Marine  
  122  9:09  Marauder  
  122  9:12  Marine  
  122  9:14  Marine x2  
  122  9:15  Marine x2  
  122  9:16  Marine  
  106  9:18  Siege Tank  
  106  9:22  Marine  
  106  9:23  Marine x2  
  100  9:25  Marine  
  100  9:30  Marauder, Marine  
  99  9:32  Marine x3  
  99  9:33  Marine  
  99  9:34  Marine  
  95  9:40  Marine x2  
  95  9:41  Marine  
  95  9:43  Marine  
  87  9:48  Marine  
  87  9:50  Marine x4  
  87  9:52  Marauder, Marine  
  85  9:58  Marine x3  
  85  9:59  Concussive Shells  
  80  10:00  Marine  
  80  10:06  Marine  
  81  10:08  Marine  
  81  10:09  Marine  
  81  10:13  Marauder  
  78  10:15  Marine x2  
  68  10:21  Marine  
  68  10:23  Marine  

Tags
 
Add a new tag
Caveats
  • Supply blocks, unpowered buildings, or Contaminate may cause inaccurate times.
  • Supply counts are checked every 10 seconds.